APL (24 & UNDER)
DETROIT DIRTY SNOW @ NANTUCKET ORCAS
07/17/2028
 
TOP OF THE 1ST
Detroit Dirty Snow batting - Pitching for Nantucket Orcas : RHP Bo Wagner
Pitching: RHP Bo Wagner
Batting: RHB Carlos Rocha 0-0: Called Strike
0-1: Ball
1-1: Ball
2-1: Swinging Strike
2-2: Ball
3-2: Strikes out looking
Batting: RHB Cristo Souza 0-0: Called Strike
0-1: Fly out, F7 (Line Drive, 7LM)
Batting: SHB Alan Garland 0-0: Ball
1-0: Swinging Strike
1-1: Swinging Strike
1-2: Ball
2-2: Foul Ball, location: 2F
2-2: Ball
3-2: SINGLE (Line Drive, 7S)
Batting: RHB Manuel Flores 0-0: Ball
1-0: Called Strike
Alan Garland steals 2nd base
1-1: Called Strike
1-2: Strikes out looking
Top of the 1st over - 0 run(s), 1 hit(s), 0 error(s), 1 left on base; Detroit 0 - Nantucket 0
BOTTOM OF THE 1ST
Nantucket Orcas batting - Pitching for Detroit Dirty Snow : RHP Javier Moreno
Pitching: RHP Javier Moreno
Batting: RHB Charlie Pérez 0-0: Fly out, F8 (Line Drive, 8RM)
Batting: RHB Demetrio Inrouville 0-0: Called Strike
0-1: DOUBLE (Line Drive, 7LM)
Batting: LHB Eugene Lee 0-0: Called Strike
0-1: Called Strike
0-2: Foul Ball, location: 2F
0-2: Strikes out swinging
Batting: RHB Fernando Álvarez 0-0: Ball
1-0: 2-RUN HOME RUN (Flyball, 9D), Distance : 373 ft
Batting: LHB Alfonso Vélez 0-0: Ball
1-0: Swinging Strike
1-1: Foul Ball, location: 2F
1-2: Ball
2-2: Strikes out looking
Bottom of the 1st over - 2 run(s), 2 hit(s), 0 error(s), 0 left on base; Detroit 0 - Nantucket 2
TOP OF THE 2ND
Detroit Dirty Snow batting - Pitching for Nantucket Orcas : RHP Bo Wagner
Batting: RHB Gary Wyatt 0-0: Ball
1-0: Foul Ball, location: 2F
1-1: Foul Ball, location: 2F
1-2: Ball
2-2: Strikes out looking
Batting: RHB Charlie O'Farrell 0-0: Foul Ball, location: 2F
0-1: Swinging Strike
0-2: Foul Ball, location: 2F
0-2: Foul Ball, location: 2F
0-2: Ball
1-2: Strikes out swinging
Batting: SHB Víctor Torres 0-0: SOLO HOME RUN (Flyball, 89XD), Distance : 400 ft
Batting: LHB Lee Jenkins 0-0: Swinging Strike
0-1: Foul Ball, location: 2F
0-2: Strikes out swinging
Top of the 2nd over - 1 run(s), 1 hit(s), 0 error(s), 0 left on base; Detroit 1 - Nantucket 2
BOTTOM OF THE 2ND
Nantucket Orcas batting - Pitching for Detroit Dirty Snow : RHP Javier Moreno
Batting: RHB Roberto Canó 0-0: Ball
1-0: Ball
2-0: Ball
3-0: Called Strike
3-1: Foul Ball, location: 2F
3-2: Strikes out swinging
Batting: SHB José Castillo 0-0: Ball
1-0: Ball
2-0: Called Strike
2-1: Foul Ball, location: 2F
2-2: SINGLE (Line Drive, 9LM)
Batting: RHB Mike Willis 0-0: Ball
1-0: Ball
José Castillo steals 2nd base
2-0: Called Strike
2-1: Foul Ball, location: 2F
2-2: Strikes out looking
Batting: RHB Luis Cruz 0-0: Foul Ball, location: 2F
0-1: Ball
1-1: Ball
2-1: Ball
3-1: Ground out 5-3 (Groundball, 5)
Bottom of the 2nd over - 0 run(s), 1 hit(s), 0 error(s), 1 left on base; Detroit 1 - Nantucket 2
TOP OF THE 3RD
Detroit Dirty Snow batting - Pitching for Nantucket Orcas : RHP Bo Wagner
Batting: LHB Luis Salazar 0-0: Called Strike
0-1: Foul Ball, location: 2F
0-2: Strikes out swinging
Batting: RHB Carlos Rocha 0-0: Ball
1-0: Swinging Strike
1-1: Foul Ball, location: 2F
1-2: Strikes out swinging
Batting: RHB Cristo Souza 0-0: Called Strike
0-1: Called Strike
0-2: Strikes out swinging
Top of the 3rd over - 0 run(s), 0 hit(s), 0 error(s), 0 left on base; Detroit 1 - Nantucket 2
BOTTOM OF THE 3RD
Nantucket Orcas batting - Pitching for Detroit Dirty Snow : RHP Javier Moreno
Batting: RHB Charlie Pérez 0-0: Ball
1-0: Ball
2-0: Foul Ball, location: 2F
2-1: Ball
3-1: Foul Ball, location: 2F
3-2: Foul Ball, location: 2F
3-2: Foul Ball, location: 2F
3-2: Strikes out swinging
Batting: RHB Demetrio Inrouville 0-0: Ball
1-0: Foul Ball, location: 2F
1-1: Ball
2-1: Foul Ball, location: 2F
2-2: Ball
3-2: Foul Ball, location: 2F
3-2: Strikes out looking
Batting: LHB Eugene Lee 0-0: Ground out 3-1 (Groundball, 34)
Bottom of the 3rd over - 0 run(s), 0 hit(s), 0 error(s), 0 left on base; Detroit 1 - Nantucket 2
TOP OF THE 4TH
Detroit Dirty Snow batting - Pitching for Nantucket Orcas : RHP Bo Wagner
Batting: SHB Alan Garland 0-0: Ball
1-0: Foul Ball, location: 2F
1-1: DOUBLE (Groundball, 3L)
Batting: RHB Manuel Flores 0-0: Swinging Strike
0-1: Ground out 4-3 (Groundball, 4)
Alan Garland to third
Batting: RHB Gary Wyatt 0-0: Called Strike
0-1: Called Strike
0-2: Ball
1-2: Ball
2-2: Strikes out swinging
Batting: RHB Charlie O'Farrell 0-0: Called Strike
0-1: Ball
1-1: Foul Ball, location: 2F
1-2: Ball
2-2: 2-RUN HOME RUN (Flyball, 7D), Distance : 381 ft
Batting: SHB Víctor Torres 0-0: Called Strike
0-1: Ball
1-1: Ball
2-1: Called Strike
2-2: Strikes out swinging
Top of the 4th over - 2 run(s), 2 hit(s), 0 error(s), 0 left on base; Detroit 3 - Nantucket 2
BOTTOM OF THE 4TH
Nantucket Orcas batting - Pitching for Detroit Dirty Snow : RHP Javier Moreno
Batting: RHB Fernando Álvarez 0-0: Called Strike
0-1: Ball
1-1: Swinging Strike
1-2: SINGLE (Line Drive, 9S)
Batting: LHB Alfonso Vélez 0-0: Foul Ball, location: 2F
0-1: Fly out, F6 (Line Drive, 6)
Batting: RHB Roberto Canó 0-0: Called Strike
0-1: Ball
1-1: Called Strike
1-2: Strikes out looking
Batting: SHB José Castillo 0-0: Ball
1-0: Foul Ball, location: 2F
1-1: Ball
2-1: Foul Ball, location: 2F
2-2: SINGLE (Line Drive, 6MD)
Fernando Álvarez to second
Fernando Álvarez to third
Batting: RHB Mike Willis 0-0: Called Strike
0-1: Swinging Strike
0-2: Foul Ball, location: 2F
0-2: Foul Ball, location: 2F
0-2: Strikes out swinging
Bottom of the 4th over - 0 run(s), 2 hit(s), 0 error(s), 2 left on base; Detroit 3 - Nantucket 2
TOP OF THE 5TH
Detroit Dirty Snow batting - Pitching for Nantucket Orcas : RHP Bo Wagner
Batting: LHB Lee Jenkins 0-0: Ball
1-0: Called Strike
1-1: Ball
2-1: Swinging Strike
2-2: Strikes out swinging
Batting: LHB Luis Salazar 0-0: Ball
1-0: Ball
2-0: Called Strike
2-1: Foul Ball, location: 2F
2-2: Strikes out swinging
Batting: RHB Carlos Rocha 0-0: Ball
1-0: SINGLE (Popup, 4MD)
Pitching: RHP Juan Moreno
Batting: RHB Cristo Souza 0-0: Called Strike
0-1: Called Strike
0-2: Foul Ball, location: 2F
0-2: Ball
1-2: Ball
2-2: Ball
3-2: Base on Balls
Carlos Rocha to second
Batting: SHB Alan Garland 0-0: Called Strike
0-1: Ball
1-1: Called Strike
1-2: Foul Ball, location: 2F
1-2: Strikes out swinging
Top of the 5th over - 0 run(s), 1 hit(s), 0 error(s), 2 left on base; Detroit 3 - Nantucket 2
BOTTOM OF THE 5TH
Nantucket Orcas batting - Pitching for Detroit Dirty Snow : RHP Javier Moreno
Batting: RHB Luis Cruz 0-0: Ground out 6-3 (Groundball, 6)
Batting: RHB Charlie Pérez 0-0: Ball
1-0: SINGLE (Line Drive, 3D)
Batting: RHB Demetrio Inrouville 0-0: Ball
1-0: Ball
2-0: Called Strike
2-1: Grounds into double play, 6-4-3 (Groundball, 6)
Bottom of the 5th over - 0 run(s), 1 hit(s), 0 error(s), 0 left on base; Detroit 3 - Nantucket 2
TOP OF THE 6TH
Detroit Dirty Snow batting - Pitching for Nantucket Orcas : RHP Juan Moreno
Batting: RHB Manuel Flores 0-0: Ball
1-0: Ground out U3 (Groundball, 34)
Batting: RHB Gary Wyatt 0-0: Ball
1-0: Ball
2-0: Ball
3-0: Swinging Strike
3-1: Fly out, F9 (Line Drive, 9LS)
Batting: RHB Charlie O'Farrell 0-0: Called Strike
0-1: Ball
1-1: Ground out 6-3 (Groundball, 56)
Top of the 6th over - 0 run(s), 0 hit(s), 0 error(s), 0 left on base; Detroit 3 - Nantucket 2
BOTTOM OF THE 6TH
Nantucket Orcas batting - Pitching for Detroit Dirty Snow : RHP Javier Moreno
Batting: LHB Eugene Lee 0-0: Swinging Strike
0-1: Ground out 4-3 (Groundball, 34)
Batting: RHB Fernando Álvarez 0-0: Ball
1-0: Ball
2-0: Called Strike
2-1: Swinging Strike
2-2: Foul Ball, location: 2F
2-2: Strikes out swinging
Batting: LHB Alfonso Vélez 0-0: Foul Ball, location: 2F
0-1: Ball
1-1: Foul Ball, location: 2F
1-2: Ground out 1-3 (Groundball, 13)
Bottom of the 6th over - 0 run(s), 0 hit(s), 0 error(s), 0 left on base; Detroit 3 - Nantucket 2
TOP OF THE 7TH
Detroit Dirty Snow batting - Pitching for Nantucket Orcas : RHP Juan Moreno
Batting: SHB Víctor Torres 0-0: Swinging Strike
0-1: Called Strike
0-2: Ball
1-2: Strikes out swinging
Pitching: LHP José Rodríguez
Batting: LHB Lee Jenkins 0-0: Fly out, F9 (Flyball, 89S)
Pitching: RHP Javier Soriano
Batting: LHB Luis Salazar 0-0: Swinging Strike
0-1: Ball
1-1: Ground out 6-3 (Groundball, 6MD)
Top of the 7th over - 0 run(s), 0 hit(s), 0 error(s), 0 left on base; Detroit 3 - Nantucket 2
BOTTOM OF THE 7TH
Nantucket Orcas batting - Pitching for Detroit Dirty Snow : RHP Javier Moreno
Pitching: RHP Benjamin Hutchison
Batting: RHB Roberto Canó 0-0: Ball
1-0: Ball
2-0: Foul Ball, location: 2F
2-1: SINGLE (Line Drive, 78S)
Batting: SHB José Castillo 0-0: Ball
Roberto Canó steals 2nd base
1-0: Foul Ball, location: 2F
1-1: Ball
2-1: Ground out 6-3 (Groundball, 6)
Roberto Canó to third
Batting: RHB Mike Willis 0-0: Ball
1-0: Ball
2-0: Called Strike
2-1: Ball
3-1: Swinging Strike
3-2: Base on Balls
Pinch Hitting: LHB Howard White 0-0: Ball
1-0: Ball
2-0: Foul Ball, location: 2F
2-1: Ball
3-1: Base on Balls
Mike Willis to second
Batting: RHB Charlie Pérez 0-0: Grounds into fielders choice 5-2 (Groundball, 25)
Mike Willis to third
Howard White to second
Pinch Hitting: LHB Juan Lima 0-0: Ball
1-0: Ball
2-0: Called Strike
2-1: Fly out, F9 (Line Drive, 9)
Bottom of the 7th over - 0 run(s), 1 hit(s), 0 error(s), 3 left on base; Detroit 3 - Nantucket 2
TOP OF THE 8TH
Detroit Dirty Snow batting - Pitching for Nantucket Orcas : RHP Javier Soriano
Now at 2B: Juan Lima
Now in LF: Howard White
Batting: RHB Carlos Rocha 0-0: Foul Ball, location: 2F
0-1: Ball
1-1: Ball
2-1: Swinging Strike
2-2: Ball
3-2: Foul Ball, location: 2F
3-2: Base on Balls
Batting: RHB Cristo Souza 0-0: Ball
1-0: Sac Bunt - play at first, batter OUT! 5-4
Carlos Rocha to second
Batting: SHB Alan Garland 0-0: Intentional Walk
Pinch Hitting: RHB Kelsey Scott 0-0: Foul Ball, location: 2F
0-1: Reached on error, E5 (Groundball, 56)
Carlos Rocha to third
Alan Garland to second
Batting: RHB Gary Wyatt 0-0: Foul Ball, location: 2F
0-1: Called Strike
0-2: SINGLE (Groundball, 6MD)
Carlos Rocha scores
Alan Garland to third
Kelsey Scott to second
Runner from 3rd tries for Home, throw and OUT!
Batting: RHB Charlie O'Farrell 0-0: Foul Ball, location: 2F
0-1: Ball
1-1: Ball
2-1: Ball
3-1: Foul Ball, location: 2F
3-2: Base on Balls
Kelsey Scott to third
Gary Wyatt to second
Batting: SHB Víctor Torres 0-0: Called Strike
0-1: Ball
1-1: Ball
2-1: Ball
3-1: Base on Balls
Kelsey Scott scores
Gary Wyatt to third
Charlie O'Farrell to second
Pitching: LHP Alberto Gutiérrez
Batting: LHB Lee Jenkins 0-0: Called Strike
0-1: Foul Ball, location: 2F
0-2: Ball
1-2: Foul Ball, location: 2F
1-2: Foul Ball, location: 2F
1-2: Foul Ball, location: 2F
1-2: Foul Ball, location: 2F
1-2: Fielders Choice at 2nd, 6-4 (Groundball, 6)
Top of the 8th over - 2 run(s), 1 hit(s), 1 error(s), 2 left on base; Detroit 5 - Nantucket 2
BOTTOM OF THE 8TH
Nantucket Orcas batting - Pitching for Detroit Dirty Snow : RHP Benjamin Hutchison
Now at 2B: Scott Graves
Batting: LHB Eugene Lee 0-0: SINGLE (Groundball, 4MD)
Batting: RHB Fernando Álvarez 0-0: Called Strike
0-1: Ball
1-1: Ball
2-1: Foul Ball, location: 2F
2-2: Foul Ball, location: 2F
2-2: Foul Ball, location: 2F
2-2: Fly out, F9 (Flyball, 89M)
Batting: LHB Alfonso Vélez 0-0: Called Strike
0-1: Fly out, F5 (Popup, 5L)
Batting: RHB Roberto Canó 0-0: Ball
1-0: Called Strike
1-1: Ball
2-1: Hit by Pitch
Eugene Lee to second
Batting: SHB José Castillo 0-0: Ball
1-0: Called Strike
1-1: Ball
2-1: Foul Ball, location: 2F
2-2: Foul Ball, location: 2F
2-2: Strikes out swinging
Bottom of the 8th over - 0 run(s), 1 hit(s), 0 error(s), 2 left on base; Detroit 5 - Nantucket 2
TOP OF THE 9TH
Detroit Dirty Snow batting - Pitching for Nantucket Orcas : LHP Alberto Gutiérrez
Batting: LHB Luis Salazar 0-0: Fly out, F7 (Flyball, 78M)
Batting: RHB Carlos Rocha 0-0: Ball
1-0: SINGLE (Line Drive, 89S)
Batting: RHB Cristo Souza 0-0: Ball
1-0: Ball
2-0: Fly out, F9 (Flyball, 9LM)
Batting: SHB Alan Garland 0-0: Ball
1-0: Swinging Strike
1-1: Foul Ball, location: 2F
1-2: Ball
2-2: Fielders Choice at 2nd, 6-4 (Groundball, 6)
Top of the 9th over - 0 run(s), 1 hit(s), 0 error(s), 0 left on base; Detroit 5 - Nantucket 2
BOTTOM OF THE 9TH
Nantucket Orcas batting - Pitching for Detroit Dirty Snow : RHP Benjamin Hutchison
Pitching: RHP Mark Messier
Batting: RHB Mike Willis 0-0: Fly out, F6 (Popup, 6D)
Batting: LHB Howard White 0-0: Called Strike
0-1: Ball
1-1: Called Strike
1-2: Ball
2-2: Strikes out swinging
Batting: RHB Charlie Pérez 0-0: Called Strike
0-1: SINGLE (Groundball, 34D)
Batting: LHB Juan Lima 0-0: Called Strike
0-1: Swinging Strike
0-2: Ball
1-2: Strikes out looking
Bottom of the 9th over - 0 run(s), 1 hit(s), 0 error(s), 1 left on base; Detroit 5 - Nantucket 2
Tuesday, August 8th, 2017 - OOTP Baseball 17.12 Build 75